cohdb
Replays
Latest Replays
All Replays
Popular Replays
Top Player Replays
Match Explorer
How It Works
Community
CoH3 Stats
Reddit
Sign in to upload your games and track your stats! →
Sign in with Steam
Match 38042306
Unlisted
Match 38042306
Overview
Messages
Build Orders
End
Kettenkrad Recon Vehicle
Construct Infanterie Kompanie
MG 42 Machine Gun Team
MG 42 Machine Gun Team
GrW 34 Mortar Team
Construct Panzergrenadier Kompanie
Panzergrenadier Squad
Panzergrenadier Squad
Panzergrenadier Officer Quarters
Medical Station
251 Medium Carrier
Grenadier Squad
Kettenkrad Recon Vehicle
Construct Panzer Kompanie
Grenadier Squad
Pak 40 Anti-tank Gun Team
Selects Mechanized Battlegroup
Selects Raid Package
Selects 8 Rad Armored Car
Selects UNKNOWN (2160084)
Selects Mobile Repair Stations
Panther Heavy Tank
Panzer Officer Quarters
Pioneer Squad
Panther Heavy Tank
Selects Wespe Self-propelled Artillery
Selects Zeroing Artillery Barrage
besh
cayemr
SneaKerz
gb_gbg
0
0
Comments
sign in to comment!
No comments posted yet!